 Dungeon Crawl Stone Soup version 0.27.1-1-g398f81649c (webtiles) character file.

Game seed: 9592563680501483655

266 Metae the Shield-Bearer (level 6, -2/56 HPs)
             Began as a Minotaur Fighter on Sept 13, 2021.
             Blown up by Ijyb (29 damage)
             ... with a mindburst bolt
             ... on level 3 of the Dungeon.
             The game lasted 00:08:27 (3668 turns).

Metae the Shield-Bearer (Minotaur Fighter)          Turns: 3668, Time: 00:08:28

Health: -2/56      AC: 12    Str: 23    XL:     6   Next: 0%
Magic:  5/5        EV:  8    Int:  5    God:
Gold:   76         SH: 10    Dex:  9    Spells: 5/5 levels left

rFire    . . .     SeeInvis +   a - +0 trident
rCold    . . .     Faith    .   c - +0 kite shield
rNeg     . . .     Spirit   .   b - +0 scale mail
rPois    .         Reflect  .   (helmet restricted)
rElec    .         Harm     .   d - +0 cloak
rCorr    .         Rampage  .   (no gloves)
Will     .....                  (no boots)
Stlth    ..........             (no amulet)
HPRegen  0.18/turn              f - ring of see invisible
MPRegen  0.09/turn              o - +4 ring of protection

@: no status effects
A: horns 2, retaliatory headbutt
a: no special abilities


You were on level 3 of the Dungeon.
You visited 1 branch of the dungeon, and saw 3 of its levels.

You collected 76 gold pieces.

Inventory:

Hand Weapons
 a - a +0 trident (weapon)
 e - a +2 spear of distortion
Missiles
 p - a throwing net (quivered)
Armour
 b - a +0 scale mail (worn)
 c - a +0 kite shield (worn)
 d - a +0 cloak (worn)
Magical Staves
 g - a staff of poison
Jewellery
 f - a ring of see invisible (left hand)
 o - a +4 ring of protection (right hand)
Scrolls
 h - a scroll of acquirement {unknown}
 j - 2 scrolls of torment {unknown}
 l - a scroll of enchant weapon {unknown}
 m - 2 scrolls of noise {unknown}
Potions
 i - 2 potions of heal wounds {unknown}
 k - a potion of lignification {unknown}
 n - a potion of brilliance {unknown}
 q - a potion of curing


   Skills:
 + Level 5.1 Fighting
 + Level 4.3 Polearms
 + Level 5.0 Armour
 + Level 5.1 Shields


You had 5 spell levels left.
You didn't know any spells.
Your spell library was empty.

Dungeon Overview and Level Annotations

Branches:
Dungeon (3/15)

Altars:

Annotations:
D:3 Ijyb


Innate Abilities, Weirdness & Mutations

You have a pair of horns on your head.
You reflexively headbutt those who attack you in melee.


Message History

Natasha claws you.
You completely miss Natasha. Your headbutt misses Natasha.
Natasha is lightly wounded.
You block the shadow imp's attack. Natasha claws you but does no damage.
You hit Natasha.
Natasha is heavily wounded.
The shadow imp hits you. Natasha claws you but does no damage.
The shadow imp hits you but does no damage.
You barely miss Natasha.
Natasha is heavily wounded.
Natasha stares at you and mumbles some strange words.
The magic dart hits you but does no damage.
You block the shadow imp's attack.
You puncture Natasha!
Natasha is almost dead.
Natasha drinks a potion.
Natasha is healed!
You block the shadow imp's attack.
You puncture Natasha!
You kill Natasha!
You feel Natasha's spirit has finally been put to rest.
The shadow imp disappears in a puff of smoke!
You have reached level 6!
Your experience leads to an increase in your attributes!
Increase (S)trength, (I)ntelligence, or (D)exterity?
You feel stronger.
q - a potion of curing You see here a worm corpse.
You start resting.
HP restored.
Ijyb the Twisted Goblin comes into view.
She is wielding a +0 dagger and carrying a wand of mindburst (16).
Ijyb shouts!
There is a stone staircase leading down here.
You hit Ijyb but do no damage. You headbutt Ijyb, but do no damage.
Ijyb zaps a wand.
Your mind is blasted!
Ouch! That really hurt!
Sorry, you're not good enough to have a special ability.
Unknown command.
You hit Ijyb but do no damage. Your headbutt misses Ijyb.
Ijyb zaps a wand.
Your mind is blasted!
Ouch! That really hurt!
You die...

#.........####.#.#.# #.#.
...........# ##.##.# #.#.
#......# ####.## #.#. #
####......# #...# #.#.
###.##.........# #...# #...
......w##.)†...# #...# #...
.....§.§#......######...######.#.
.....###..#...###...........##.#.
..... #.#.....g@................
...§. #.##...###...........##).#
.... .###.### ###.......####.##
.... ## #.# #.#...#.# ##.# #.#
#.#...#.# ##. #.# #.#...#.# #.
#.# #..†....#### #. #.#
####.......# #. ..# #.<)..####.#
#.


You could see Ijyb.

Vanquished Creatures
  An orc priest (D:3)
  Crazy Yiuf (D:2)
  Natasha (thrice) (D:3)
  Robin (D:2)
  2 adders
  3 gnolls
  A worm (D:3)
  2 orcs (D:3)
  5 endoplasms
  3 giant cockroaches
  14 goblins
  7 hobgoblins
  3 jackals (D:3)
  2 quokkas (D:1)
  8 ball pythons
  2 bats
  3 frilled lizards
  6 kobolds
  7 rats
74 creatures vanquished.

Notes
Turn   | Place    | Note
-------+----------+-------------------------------------------
     0 | D:1      | Metae the Minotaur Fighter began the quest for the Orb.
     0 | D:1      | Reached XP level 1. HP: 19/19 MP: 0/0
   245 | D:1      | Reached XP level 2. HP: 25/27 MP: 1/1
   664 | D:1      | Found a faded altar of an unknown god.
   805 | D:1      | Reached XP level 3. HP: 33/33 MP: 2/2
  1030 | D:2      | Noticed Robin
  1412 | D:2      | Killed Robin
  2007 | D:2      | Reached XP level 4. HP: 39/40 MP: 3/3
  2119 | D:2      | Found a runed translucent door.
  2120 | D:2      | Noticed Crazy Yiuf
  2147 | D:2      | Killed Crazy Yiuf
  2542 | D:3      | Noticed Natasha
  2737 | D:3      | Killed Natasha
  2738 | D:3      | Reached XP level 5. HP: 47/47 MP: 4/4
  3095 | D:3      | Noticed Natasha
  3099 | D:3      | Killed Natasha
  3139 | D:3      | Reached skill level 5 in Shields
  3459 | D:3      | Reached skill level 5 in Fighting
  3459 | D:3      | Reached skill level 5 in Armour
  3512 | D:3      | Noticed Natasha
  3523 | D:3      | Killed Natasha
  3524 | D:3      | Reached XP level 6. HP: 32/56 MP: 5/5
  3664 | D:3      | Noticed Ijyb
  3668 | D:3      | Blown up by Ijyb

Illustrated notes

Levels and vault maps discovered:
D:1:      saegor_arrival_under_anarchy, layout_basic,
          shapermc_ecumenical_altar_mp_urbaneastern
D:2:      layout_basic, kennysheep_generic_room_11, uniq_robin,
          uniq_crazy_yiuf_cottage
D:3:      layout_loops_cross, serial_shops, shop, minmay_stone_trees_small,
          uniq_natasha, uniq_ijyb

Skill      XL: |  1  2  3  4  5 |
---------------+----------------+-----
Shields        | 4 5 |  5.1
Fighting       | 4 5 |  5.1
Polearms       | 3 4 |  4.3
Armour         | 4 5 |  5.0

Action                   |  1- 3 |  4- 6 || total
-------------------------+-------+-------++-------
Melee: Trident           |   120 |    94 ||   214
       Headbutt          |    14 |    21 ||    35
  Use: Potion            |     1 |     1 ||     2
Armor: Scale mail        |    56 |    35 ||    91
Dodge: Dodged            |    28 |    14 ||    42
Block: Kite shield       |    65 |    42 ||   107
